 Dungeon Crawl Stone Soup version bcrawl-1.40.3b (webtiles) character file.

Game seed: 555603456199076781

252427 TheWayOfAllFlesh the Cruncher (level 8, -2/69 HPs)
             Began as a Demonspawn Gladiator on Jan 25, 2024.
             Was a Believer of Qazlal.
             Slain by a centaur (8 damage)
             ... on level 6 of the Dungeon.
             The game lasted 00:11:31 (5637 turns).

TheWayOfAllFlesh the Cruncher (DsGl)                Turns: 5637, Time: 00:11:32

Health: -2/69      AC:  7    Str: 16    XL:     8   Next: 77%
Magic:  0/8        EV: 11    Int: 10    God:    Qazlal [**....]
Gold:   466        SH:  2    Dex: 15    Spells: 7/7 levels left

rFire    . . .     GDR:     27% b - +0 whip (venom)
rCold    . . .     SeeInvis .   (no shield)
rNeg     . . .     Gourm    .   s - +0 ring mail
rPois    .         Faith    +   (helmet restricted)
rElec    .         Spirit   +   l - scarf {repulsion}
rCorr    .         Reflect  .   t - +0 pair of gloves
MR       .....                  (no boots)
Stlth    +.........             v - amulet of faith
HPRegen  0.21/turn              (no ring)
MPRegen  0.11/turn              (no ring)

@: very slightly contaminated, invisible, repel missiles
A: horns 1, rugged brown scales 1, powered by death 1, magic shield
a: Upheaval, Renounce Religion


You were on level 6 of the Dungeon.
You worshipped Qazlal.
Qazlal was pleased with you.
You were not hungry.

You visited 2 branches of the dungeon, and saw 7 of its levels.

You collected 466 gold pieces.

Inventory:

Hand Weapons
 a - a +0 quarterstaff
 b - a +0 whip of venom (weapon)
Missiles
 d - 7 throwing nets {=f}
Armour
 l - a scarf of repulsion (worn)
 s - a +0 ring mail (worn)
 t - a +0 pair of gloves (worn)
Jewellery
 v - an amulet of faith (around neck)
Scrolls
 c - a scroll of fog {unknown}
 g - 2 scrolls of amnesia
 h - 2 scrolls of fear
 i - 4 scrolls of identify
 j - 2 scrolls of revelation {unknown}
 k - 3 scrolls of remove curse {unknown}
 n - 2 scrolls of teleportation {unknown}
 q - 4 scrolls of enchant weapon {unknown}
 u - a scroll of enchant armour {unknown}
Potions
 f - a potion of heal wounds
 m - a potion of agility
 o - 4 potions of curing
 p - 3 potions of mutation
Comestibles
 e - 18 rations {!d}
 r - a chunk of flesh


   Skills:
 + Level 7.2 Fighting
 * Level 9.0 Staves
 - Level 1.7 Throwing
 - Level 2.6 Dodging


You had 7 spell levels left.
You didn't know any spells.
Your spell library was empty.

Dungeon Overview and Level Annotations

Branches:
Dungeon (6/12)             Temple (1/1) D:5

Altars:
Qazlal
Vehumet

Annotations:
D:3 1 runed door


Innate Abilities, Weirdness & Mutations

You have a pair of small horns on your head.
You are partially covered in rugged brown scales. (AC +1, +3% HP)
You regenerate a little health from kills.
When hurt, damage is shared between your health and your magic reserves.


Message History

* * * LOW HITPOINT WARNING * * *
The bullfrog closely misses you.
You closely miss the bullfrog.
You headbutt the bullfrog, but do no damage.
The bullfrog is severely wounded.
The bullfrog barely misses you.
The centaur shoots an arrow.
The arrow hits the bullfrog!
The bullfrog dies!
Your Staves skill increases to level 9!
The centaur unwields a +0 shortbow.
The centaur hits you.
* * * LOW HITPOINT WARNING * * *
You feel better. The centaur barely misses you.
You closely miss the centaur. The centaur misses you.
You hit the centaur but do no damage. The centaur hits you.
* * * LOW HITPOINT WARNING * * *
You catch the helpless centaur completely off-guard!
You hit the centaur. You headbutt the centaur.
The centaur is heavily wounded.
The centaur hits you!
You die...

#......F.####
#.......######
######...>........#
.#...........####.#
.............# #.#
.............# #.#
...........#.# #.#
#.......#.##.####.######
#.......#.......@c.......
#..........#...##☼.......
+.###.####.#.## #........
### .# # ......... #
####.##.# # .# # .. .


You could see a centaur.

Vanquished Creatures
  Menkaure (D:4)
  A water moccasin (D:5)
  A sky beast (D:5)
  2 black bears
  2 ogres (D:4)
  3 bullfrogs
  A centaur (D:4)
  A scorpion (D:5)
  2 orc priests (D:4)
  A howler monkey (D:5)
  A crimson imp (D:3)
  2 bullfrog zombies
  A hound (D:5)
  6 orc wizards
  2 iguanas
  2 worker ants
  5 adders
  A shadow imp (D:5)
  3 oozes
  An adder zombie (D:4)
  An adder skeleton (D:4)
  2 worms
  3 dart slugs
  5 leopard geckos
  26 orcs
  A ball python (D:4)
  2 bats (D:2)
  2 giant cockroaches
  5 goblins
  6 hobgoblins
  3 jackals (D:1)
  6 kobolds
  2 quokkas
  2 frilled lizards (D:2)
  A quokka skeleton (D:4)
  3 rats
109 creatures vanquished.

Vanquished Creatures (others)
  A bullfrog (D:6)
1 creature vanquished.

Grand Total: 110 creatures vanquished

Notes
Turn   | Place    | Note
-------+----------+-------------------------------------------
     0 | D:1      | TheWayOfAllFlesh the Demonspawn Gladiator began the quest
                  | for the Orb.
     0 | D:1      | Reached XP level 1. HP: 18/18 MP: 1/1
    85 | D:1      | Reached skill level 3 in Staves
   175 | D:1      | Gained mutation: You are partially covered in rugged brown
                  | scales. (AC +1, +3% HP) [demonic ancestry]
   175 | D:1      | Reached XP level 2. HP: 18/24 MP: 2/2
   866 | D:2      | Gained mutation: You regenerate a little health from kills.
                  | [demonic ancestry]
   866 | D:2      | Reached XP level 3. HP: 29/29 MP: 3/3
  1000 | D:2      | Found a stormy altar of Qazlal.
  1079 | D:2      | Became a worshipper of Qazlal Stormbringer
  1934 | D:3      | Reached skill level 4 in Staves
  1934 | D:3      | Gained mutation: You have a pair of small horns on your
                  | head. [demonic ancestry]
  1934 | D:3      | Reached XP level 4. HP: 36/38 MP: 4/4
  2309 | D:3      | Reached XP level 5. HP: 43/43 MP: 5/5
  2521 | D:3      | Found a runed door.
  2799 | D:4      | Noticed an ogre
  2807 | D:4      | Killed an ogre
  2808 | D:4      | Reached skill level 5 in Staves
  2808 | D:4      | Reached XP level 6. HP: 42/50 MP: 6/6
  2867 | D:3      | Reached * piety under Qazlal
  2916 | D:4      | Noticed Menkaure
  2989 | D:4      | Reached skill level 5 in Fighting
  2991 | D:4      | Reached skill level 6 in Staves
  3274 | D:4      | Reached XP level 7. HP: 36/57 MP: 7/7
  3414 | D:4      | HP: 2/57 [orc wizard/+0 dagger (3)]
  3619 | D:4      | Found a glowing silver altar of Zin.
  3751 | D:4      | Killed Menkaure
  3752 | D:4      | Reached skill level 7 in Staves
  3768 | D:4      | Gained mutation: When hurt, damage is shared between your
                  | health and your magic reserves. [demonic ancestry]
  3768 | D:4      | Reached XP level 8. HP: 36/65 MP: 8/8
  4243 | D:5      | Entered Level 5 of the Dungeon
  4575 | D:5      | Reached ** piety under Qazlal
  4726 | D:5      | Reached skill level 8 in Staves
  4760 | D:5      | Found a staircase to the Ecumenical Temple.
  4873 | Temple   | Entered the Ecumenical Temple
  5412 | D:6      | Found a radiant altar of Vehumet.
  5592 | D:6      | Noticed a hippogriff
  5633 | D:6      | Reached skill level 9 in Staves
  5637 | D:6      | Slain by a centaur

Skill      XL: |  1  2  3  4  5  6  7  8 |
---------------+-------------------------+-----
Staves         | 3 4 5 6 7 9 |  9.0
Fighting       | 4 5 6 7 |  7.2
Throwing       | |  1.7
Dodging        | |  2.6

Action                   |  1- 3 |  4- 6 |  7- 9 || total
-------------------------+-------+-------+-------++-------
Melee: Quarterstaff      |    83 |    38 |    15 ||   136
       Whip              |    15 |    89 |   138 ||   242
       Headbutt          |       |    29 |    37 ||    66
Evoke: Wand              |       |     2 |     3 ||     5
  Use: Scroll            |     1 |       |     4 ||     5
       Potion            |       |       |     3 ||     3
 Stab: Invisible         |       |       |     1 ||     1
  Eat: Chunk             |     5 |     8 |    12 ||    25
Armor: Leather armour    |    28 |     1 |       ||    29
       Ring mail         |       |    25 |    46 ||    71
Dodge: Dodged            |    72 |    74 |   104 ||   250
       Deflected         |     3 |     4 |     3 ||    10
Block: Other             |       |     3 |    14 ||    17
